Map: Flashback EE

Players

TATORREA

  • Race: Protoss Protoss
  • League: Gold
  • Spawn Location: 11:00

MrFercho

  • Race: Zerg Zerg
  • League: Silver
  • Spawn Location: 11:00

tigro

  • Race: Terran Terran
  • League: Bronze
  • Spawn Location: 9:00

Superman - Winner!

  • Race: Terran Terran
  • Spawn Location: 7:00

acsimpson - Winner!

  • Race: Protoss Protoss
  • League: Silver
  • Spawn Location: 7:00

Mancuso - Winner!

  • Race: Protoss Protoss
  • Spawn Location: 7:00

VOD

Have the link to the VOD?

Description

Time

  • Played on: July 1, 2020, 10:30 p.m.
  • Length: 15:13
Show
View Real Time Build Order
Export as new Build Order

TATORREA Protoss 

Build Orders:  

Get SALT Encoding   

  12  0:02  Probe  
  13  0:14  Probe  
  14  0:26  Probe  
  15  0:28  Pylon  
  15  0:46  Probe  
  16  0:50  Gateway  
  16  0:58  Probe  
  17  1:04  Assimilator  
  17  1:07  Probe  
  18  1:11  Pylon  
  18  1:15  Probe  
  18  1:25  Probe  
  20  1:39  Cybernetics Core  
  19  1:50  Gateway  
  19  1:52  Probe  
  20  2:02  Assimilator  
  21  2:08  Probe  
  21  2:13  Nexus  
  21  2:18  Pylon  
  21  2:20  Probe  
  22  2:28  Warp Gate  
  22  2:32  Probe  
  23  2:38  Stalker  
  25  2:44  Probe  
  25  2:46  Stalker  
  28  3:04  Robotics Facility, Probe  
  29  3:16  Stalker  
  31  3:22  Sentry  
  31  3:23  Probe  
  31  3:26  Probe  
  35  3:37  Pylon  
  35  3:41  Pylon  
  35  3:46  Pylon, Probe  
  36  3:49  Probe  
  36  3:50  Pylon  
  37  3:59  Forge  
  37  4:00  Probe  
  37  4:02  Probe  
  39  4:08  Observer  
  40  4:13  Probe  
  40  4:14  Probe  
  42  4:27  Probe  
  42  4:28  Probe  
  42  4:29  Immortal  
  48  4:39  Probe  
  48  4:40  Probe  
  48  4:45  Photon Cannon  
  50  4:47  Photon Cannon  
  50  4:52  Photon Cannon  
  50  4:53  Probe x2  
  52  5:07  Assimilator, Probe x2  
  52  5:11  Assimilator  
  54  5:32  Nexus  
  54  5:36  Pylon, Probe x2  
  54  5:38  Pylon  
  56  5:43  Pylon  
  56  5:48  Probe x2  
  58  6:00  Probe x2  
  58  6:03  Gateway  
  60  6:05  Gateway  
  60  6:08  Gateway  
  60  6:10  Gateway  
  60  6:12  Probe x2  
  60  6:13  Gateway  
  62  6:24  Probe x2  
  64  6:31  Gateway  
  64  6:32  Gateway  
  64  6:34  Gateway  
  64  6:36  Probe x2  
  64  6:38  Immortal  
  70  6:48  Probe x2  
  70  6:49  Probe  
  73  6:54  Assimilator  
  73  6:58  Assimilator  
  73  7:00  Probe x2  
  73  7:01  Probe  
  76  7:12  Probe  
  76  7:13  Probe x2  
  79  7:16  Nexus  
  79  7:18  Pylon  
  79  7:21  Pylon  
  79  7:25  Probe x3  
  82  7:32  Immortal  
  82  7:37  Probe x3  
  89  7:47  Protoss Ground Weapons Level 1  
  89  7:48  Stargate  
  89  7:51  Stargate  
  89  7:52  Stargate  
  89  7:57  Twilight Council  
  89  7:59  Forge  
  89  8:02  Forge  
  89  8:05  Pylon x2  
  89  8:09  Pylon, Probe  
  89  8:10  Pylon, Probe x2  
  92  8:22  Probe x3  
  95  8:29  Pylon  
  95  8:32  Stalker x2  
  95  8:33  Stalker x2, Pylon  
  95  8:34  Stalker  
  105  8:35  Pylon  
  105  8:44  Stalker x2  
  105  8:45  Stalker x2  
  113  8:50  Probe  
  113  8:51  Probe x3  
  117  9:10  Nexus  
  117  9:12  Pylon  
  117  9:15  Pylon  
  117  9:23  Templar Archives  
  117  9:25  Fleet Beacon  
  117  9:26  Assimilator  
  117  9:30  Robotics Bay  
  117  9:31  Protoss Ground Armor Level 1, Assimilator  
  117  9:32  Protoss Shields Level 1  
  117  9:33  Stalker x4  
  117  9:34  Stalker x2  
  117  9:35  Stalker, Blink  
  131  9:39  Protoss Ground Weapons Level 2  
  131  10:03  Stalker x2  
  131  10:04  Stalker  
  131  10:05  Sentry x2  
  131  10:06  Sentry x4  
  131  10:07  Sentry  
  151  10:21  Carrier x2  
  151  10:25  Tempest  
  168  10:31  Protoss Air Weapons Level 1  
  137  10:58  Tempest  
  100  11:16  Carrier  
  100  11:19  Tempest  
  111  11:35  Protoss Shields Level 2, Protoss Ground Armor Level 2  
  111  11:37  Tempest  
  116  11:47  Extended Thermal Lance  
  116  11:52  Carrier  
  122  12:14  Tempest, Carrier  
  133  12:28  Assimilator  
  133  12:29  Stalker, Assimilator  
  135  12:30  Stalker x2  
  135  12:31  Stalker x2  
  135  12:32  Stalker x3  
  135  12:33  Stalker  
  135  12:34  Stalker  
  150  13:26  Stalker x2  
  150  13:27  Stalker x3  
  107  13:28  Stalker x4  
  107  13:29  Stalker  
Show
View Real Time Build Order
Export as new Build Order

MrFercho Zerg 

Build Orders: 1 Base Baneling Bust, Pool First, Lurkers 

Get SALT Encoding   

  12  0:01  Drone  
  13  0:20  Drone  
  14  0:27  Extractor  
  13  0:31  Spawning Pool  
  13  0:33  Drone  
  13  0:43  Drone  
  13  0:47  Overlord  
  14  1:05  Drone x2  
  14  1:08  Drone  
  17  1:22  Drone  
  18  1:28  Drone  
  19  1:37  Baneling Nest  
  19  1:38  Zergling x2  
  19  1:39  Queen  
  21  1:48  Drone  
  22  1:56  Metabolic Boost  
  22  2:01  Overlord  
  22  2:20  Extractor  
  22  2:21  Drone x2  
  23  2:38  Lair  
  23  2:39  Drone  
  23  2:42  Drone  
  25  2:44  Hatchery  
  25  2:47  Drone x2  
  25  2:50  Zergling x2  
  27  2:56  Baneling x2  
  27  2:58  Drone  
  28  3:08  Drone  
  29  3:17  Zergling x2  
  30  3:25  Overlord x2  
  30  3:29  Overlord  
  30  3:43  Zergling x2  
  31  3:51  Drone  
  32  3:56  Queen  
  34  4:04  Drone  
  34  4:06  Hatchery  
  34  4:07  Zergling x2  
  34  4:09  Zergling x2  
  36  4:11  Zergling x2  
  36  4:15  Zergling x2  
  38  4:20  Baneling x2  
  38  4:47  Drone x6  
  38  4:48  Drone x2  
  46  5:02  Overseer  
  46  5:03  Extractor x2  
  44  5:08  Drone x5  
  44  5:12  Centrifical Hooks  
  49  5:20  Drone, Evolution Chamber  
  49  5:21  Drone, Evolution Chamber  
  48  5:27  Nydus Network, Zergling x4  
  50  5:33  Hydralisk Den  
  50  5:34  Zergling x4  
  51  5:45  Zergling x14  
  51  5:48  Overlord  
  58  5:52  Zerg Melee Weapons Level 1  
  58  6:01  Infestation Pit  
  57  6:06  Drone x6  
  63  6:16  Drone x2  
  65  6:26  Drone  
  65  6:27  Drone x2  
  65  6:28  Overlord x2  
  68  6:44  Hive  
  68  6:54  Drone x4  
  68  6:55  Drone x3  
  75  7:04  Hydralisk x4  
  83  7:09  Muscular Augments  
  83  7:13  Zerg Missile Weapons Level 1  
  83  7:20  Overlord  
  83  7:21  Hydralisk  
  83  7:22  Hydralisk  
  87  7:23  Extractor, Hatchery  
  87  7:25  Zergling x6  
  87  7:27  Extractor  
  87  7:29  Zergling x2  
  89  7:30  Zergling x4  
  90  7:40  Hydralisk x2  
  90  7:41  Lurker Den, Hydralisk  
  95  7:57  Pneumatized Carapace  
  95  7:58  Hydralisk  
  95  8:00  Overlord x2  
  95  8:01  Overlord  
  97  8:07  Drone  
  98  8:25  Hydralisk x8  
  114  8:29  Spore Crawler  
  114  8:31  Spore Crawler  
  114  8:32  Drone  
  113  8:46  Overseer  
  113  8:51  Drone x7  
  120  9:07  Hatchery  
  119  9:33  Lurker  
  119  9:36  Overlord x3  
  120  9:39  Overlord x2  
  120  9:40  Overlord  
  120  9:54  Lurker x7  
  127  10:15  Nydus Canal  
  127  10:21  Zergling x8  
  127  10:22  Zergling x38  
  104  11:17  Seismic Spines  
  89  11:24  Spire  
  88  11:28  Queen  
  88  11:29  Drone x5  
  88  11:30  Drone x8  
  103  11:41  Hatchery  
  103  11:46  Spore Crawler  
  101  12:00  Hydralisk x11  
  123  12:07  Hydralisk  
  123  12:08  Hydralisk x3  
  125  12:14  Adaptive Talons, Grooved Spines  
  131  12:16  Zerg Ground Armor Level 1  
  131  12:56  Nydus Canal  
  131  13:01  Mutalisk x12  
  131  13:02  Mutalisk x7  
  169  13:34  Corruptor x5  
  128  13:54  Lair  
  122  13:58  Spire  
  83  14:10  Corruptor  
  83  14:11  Corruptor x7  
  84  14:32  Spawning Pool  
Show
View Real Time Build Order
Export as new Build Order

tigro Terran 

Build Orders:  

Get SALT Encoding   

  12  0:03  SCV  
  13  0:15  SCV  
  14  0:23  Supply Depot  
  14  0:27  SCV  
  15  0:43  Refinery  
  15  0:45  SCV  
  15  0:47  Barracks  
  16  0:57  SCV  
  17  1:03  Refinery  
  17  1:09  SCV  
  18  1:21  SCV  
  19  1:33  SCV  
  19  1:34  Marine  
  19  1:35  Supply Depot  
  21  1:45  SCV  
  22  1:52  Marine  
  23  1:55  Barracks  
  23  2:03  SCV  
  24  2:10  Marine  
  24  2:15  SCV  
  26  2:28  Marine  
  27  2:45  Factory  
  27  2:46  Marine, Orbital Command  
  28  2:56  Engineering Bay  
  28  2:58  Barracks Reactor  
  28  3:05  Barracks Tech Lab  
  28  3:26  Terran Infantry Weapons Level 1  
  28  3:32  Factory Tech Lab  
  28  3:44  Missile Turret  
  28  4:03  Marine x3  
  28  4:05  Missile Turret  
  31  4:30  Missile Turret  
  31  4:35  Starport  
  31  5:08  Missile Turret  
  31  5:14  Starport  
  31  5:18  Command Center  
  31  5:21  Terran Infantry Armor Level 1  
  31  5:24  Combat Shield  
  31  5:29  Missile Turret  
  31  5:30  Medivac  
  33  5:44  Siege Tank  
  33  5:47  Marine x3  
  39  5:51  Missile Turret  
  39  6:04  Marine  
  39  6:05  Marine x2  
  42  6:22  Marine x3  
  42  6:25  Starport Tech Lab x2  
  45  6:40  Marine x3  
  45  6:43  Stimpack  
  48  7:07  SCV  
  49  7:09  Refinery  
  49  7:12  Refinery  
  49  7:15  Hi-Sec Auto Tracking  
  49  7:20  SCV  
  50  7:32  SCV  
  51  7:37  Fusion Core  
  51  7:44  SCV  
  52  7:56  SCV  
  53  8:08  SCV  
  54  8:19  Command Center  
  54  8:26  Supply Depot, Armory  
  54  8:49  Supply Depot  
  54  8:57  Missile Turret  
  54  9:18  Missile Turret  
  54  9:25  Medivac  
  54  9:26  Battlecruiser  
  62  9:33  Terran Infantry Weapons Level 2  
  62  9:34  Refinery  
  62  9:38  Missile Turret  
  62  9:39  SCV  
  63  9:51  SCV, Refinery  
  64  9:53  Weapon Refit  
  64  9:55  Battlecruiser  
  70  10:03  SCV, Missile Turret  
  71  10:15  SCV  
  72  10:27  Marine x3, SCV  
  76  10:30  Battlecruiser  
  75  10:45  Marine x3  
  61  11:03  Marine  
  62  11:04  Marine x2  
  58  11:14  Medivac  
  60  11:21  Marine  
  60  11:22  Marine x2  
  60  11:24  SCV  
  64  11:36  SCV  
  64  11:38  Marine  
  66  11:40  Marine x2  
  66  11:44  Battlecruiser  
  74  11:48  SCV  
  74  11:49  Terran Infantry Armor Level 2  
  75  11:56  Marine  
  75  11:58  Marine x2  
  75  12:00  SCV  
  79  12:12  SCV  
  80  12:16  Marine  
  81  12:25  SCV  
  83  12:37  SCV  
  83  12:49  SCV  
  31  13:51  Missile Turret  
  31  14:12  Missile Turret  
  19  14:31  Missile Turret x2  
Show
View Real Time Build Order
Export as new Build Order

Superman Terran - Winner!

Build Orders:  

Get SALT Encoding   

  12  0:01  SCV  
  13  0:13  SCV  
  14  0:26  SCV  
  15  0:31  Supply Depot  
  15  0:52  SCV  
  15  0:54  Barracks  
  16  1:00  Barracks  
  16  1:04  SCV  
  17  1:17  SCV  
  18  1:29  SCV  
  19  1:37  Refinery  
  19  1:41  SCV  
  19  1:42  Supply Depot  
  19  1:43  Marine  
  21  1:47  Marine  
  21  1:53  SCV  
  23  2:04  Marine  
  23  2:05  Marine, SCV  
  26  2:13  Refinery  
  26  2:20  Supply Depot  
  26  2:24  Barracks Reactor  
  27  2:35  Barracks, Barracks Tech Lab  
  26  2:38  SCV  
  26  2:43  Supply Depot  
  27  2:45  Engineering Bay  
  27  2:49  Engineering Bay  
  27  2:50  SCV  
  28  2:59  Stimpack  
  28  3:01  Marine  
  28  3:05  Marine  
  30  3:08  Marine  
  31  3:21  Terran Infantry Weapons Level 1  
  31  3:25  Marine x2  
  33  3:29  Barracks Reactor  
  33  3:32  Supply Depot  
  33  3:53  Marine x3  
  36  4:14  Marine  
  36  4:16  Command Center  
  37  4:18  Marine  
  37  4:19  Marine  
  39  4:28  Terran Infantry Armor Level 1  
  39  4:31  SCV  
  39  4:36  Marine x2  
  42  4:43  Combat Shield  
  42  4:46  Marine  
  43  4:59  Marine  
  44  5:00  Missile Turret  
  44  5:02  SCV  
  45  5:12  Factory  
  45  5:17  SCV  
  46  5:21  Marine x2  
  48  5:30  Supply Depot  
  48  5:34  SCV  
  49  5:36  SCV  
  49  5:38  Marine  
  49  5:41  Marine  
  52  5:44  Marine  
  52  5:48  Marine  
  54  5:52  SCV  
  54  5:56  SCV  
  56  6:08  Armory, SCV  
  56  6:09  SCV  
  56  6:10  Marine  
  59  6:12  Marine  
  60  6:20  SCV  
  60  6:21  SCV  
  62  6:27  Supply Depot  
  62  6:29  Marine x2  
  62  6:32  Marine, SCV  
  66  6:33  Marine  
  66  6:36  Marine  
  68  6:44  SCV  
  69  6:57  Terran Infantry Weapons Level 2, SCV  
  69  6:58  Terran Infantry Armor Level 2  
  70  7:14  Sensor Tower  
  70  7:18  Marine x4  
  70  7:19  Marine  
  70  7:20  SCV  
  70  7:22  Refinery  
  76  7:32  SCV  
  76  7:36  Marine x4  
  81  7:37  Marine  
  82  7:53  Marine  
  82  7:54  Marine x3  
  86  8:05  Command Center  
  86  8:09  Sensor Tower  
  86  8:10  Sensor Tower  
  86  8:42  Supply Depot  
  86  8:52  Barracks  
  86  8:54  Barracks  
  86  8:55  Barracks, Orbital Command  
  86  9:04  Marine x5, Orbital Command  
  86  9:05  Supply Depot  
  86  9:06  Supply Depot  
  91  9:17  Terran Infantry Weapons Level 3  
  91  9:25  Terran Infantry Armor Level 3  
  91  9:28  Supply Depot  
  91  9:32  Factory Reactor  
  91  9:38  Starport  
  91  9:39  Marine x2  
  91  9:42  Barracks Reactor  
  93  9:51  Supply Depot  
  93  9:54  Barracks Reactor  
  93  9:55  Barracks Reactor  
  93  10:09  Orbital Command  
  93  10:15  SCV  
  93  10:19  Supply Depot  
  94  10:23  Marine x5  
  94  10:24  Marine x2  
  99  11:19  Marine x6  
  99  11:20  Marine x5  
  110  11:28  Supply Depot  
  110  11:37  Medivac x2  
  114  11:46  Starport  
  114  11:49  SCV  
  115  12:01  SCV  
  115  12:07  Medivac x2  
  120  12:14  SCV  
  121  12:26  SCV  
  122  12:37  Medivac x2  
  122  12:38  SCV  
  127  12:50  SCV  
  128  13:02  SCV  
  129  13:14  SCV  
  130  13:26  SCV  
  123  14:51  Marine  
  123  14:52  Marine x10  
  134  15:01  Starport Reactor  
  134  15:03  Supply Depot  
  134  15:04  Supply Depot  
Show
View Real Time Build Order
Export as new Build Order

acsimpson Protoss - Winner!

Build Orders: Carriers 

Get SALT Encoding   

  12  0:02  Probe  
  13  0:14  Probe  
  14  0:21  Pylon  
  14  0:26  Probe  
  15  0:39  Probe  
  15  0:40  Gateway  
  16  0:46  Assimilator  
  16  0:51  Probe  
  17  1:00  Assimilator  
  17  1:03  Probe  
  18  1:08  Pylon  
  18  1:15  Probe  
  19  1:27  Probe  
  19  1:29  Cybernetics Core  
  20  1:33  Pylon  
  20  1:39  Probe  
  21  1:51  Probe  
  22  2:03  Probe  
  23  2:09  Stargate  
  23  2:15  Probe  
  24  2:24  Probe  
  25  2:32  Probe  
  25  2:33  Protoss Air Weapons Level 1  
  26  2:40  Nexus  
  26  2:42  Probe  
  27  2:54  Probe  
  28  3:01  Void Ray  
  32  3:08  Probe  
  33  3:20  Probe  
  34  3:32  Probe  
  35  3:38  Assimilator  
  35  3:44  Void Ray  
  39  3:52  Probe  
  39  3:53  Pylon  
  40  4:00  Pylon  
  40  4:03  Assimilator  
  40  4:04  Probe  
  40  4:05  Probe  
  42  4:16  Probe  
  43  4:17  Probe  
  44  4:27  Void Ray  
  44  4:28  Probe  
  44  4:31  Probe  
  50  4:40  Probe  
  50  4:42  Protoss Air Armor Level 1  
  50  4:43  Probe  
  52  4:50  Fleet Beacon  
  52  4:53  Pylon  
  52  4:55  Pylon  
  52  4:59  Pylon  
  52  5:04  Probe x2  
  54  5:12  Void Ray  
  58  5:16  Probe x2  
  58  5:19  Forge  
  60  5:25  Pylon  
  60  5:36  Twilight Council  
  60  5:42  Cybernetics Core  
  60  5:46  Stargate  
  60  5:51  Pylon  
  60  5:54  Stargate  
  60  5:56  Protoss Shields Level 1  
  60  6:09  Probe  
  61  6:24  Carrier  
  67  6:51  Protoss Air Weapons Level 2  
  67  6:56  Protoss Air Armor Level 2  
  67  7:28  Nexus  
  79  7:30  Carrier x2  
  79  7:31  Assimilator x2  
  79  7:32  Pylon  
  79  7:34  Pylon  
  79  7:35  Probe x2  
  81  7:37  Pylon  
  81  7:40  Pylon  
  81  7:47  Probe x2  
  83  7:59  Probe x2  
  85  8:06  Protoss Shields Level 2  
  85  8:11  Probe x2  
  87  8:23  Probe  
  88  8:45  Carrier x2  
  100  8:55  Carrier  
  106  8:58  Probe  
  107  9:10  Probe  
  107  9:15  Probe x2  
  110  9:22  Probe  
  111  9:27  Probe x2  
  113  9:34  Photon Cannon, Probe  
  113  9:36  Photon Cannon  
  113  9:38  Photon Cannon  
  114  9:39  Probe  
  114  9:40  Photon Cannon  
  114  9:43  Photon Cannon  
  114  9:45  Photon Cannon  
  115  10:00  Nexus  
  115  10:02  Assimilator  
  115  10:03  Assimilator, Pylon  
  115  10:04  Pylon  
  115  10:08  Pylon  
  115  10:09  Pylon  
  115  10:11  Pylon  
  115  10:12  Probe x3  
  115  10:14  Carrier, Pylon  
  124  10:24  Probe x3  
  127  10:34  Protoss Air Weapons Level 3  
  127  10:36  Probe  
  114  10:53  Carrier x2  
  126  11:19  Carrier, Probe  
  133  11:31  Probe  
  134  11:34  Probe  
  135  11:43  Probe  
  135  11:46  Assimilator, Probe  
  137  11:49  Assimilator  
  137  11:55  Probe  
  137  11:57  Carrier  
  137  11:58  Carrier, Probe  
  151  12:10  Probe  
  152  12:22  Probe  
  153  12:23  Carrier  
  159  12:30  Protoss Air Armor Level 3  
  159  12:34  Probe  
  160  12:46  Probe  
  161  12:58  Probe  
  161  13:02  Carrier x2  
  174  13:11  Probe  
  159  13:27  Carrier  
Show
View Real Time Build Order
Export as new Build Order

Mancuso Protoss - Winner!

Build Orders: 1 Gate Expand, Carriers, Carrier Rush 

Get SALT Encoding   

  12  0:02  Probe  
  13  0:14  Probe  
  14  0:22  Pylon  
  14  0:32  Probe  
  15  0:43  Gateway  
  15  0:48  Probe  
  16  1:11  Nexus  
  16  1:26  Assimilator  
  16  1:29  Assimilator  
  16  1:35  Cybernetics Core  
  16  1:49  Pylon  
  16  1:54  Probe  
  16  1:56  Cybernetics Core  
  17  2:02  Probe  
  18  2:12  Probe  
  19  2:22  Probe  
  20  2:30  Probe x2  
  22  2:38  Probe  
  22  2:39  Assimilator, Probe  
  24  2:45  Assimilator  
  24  2:47  Probe  
  24  2:48  Probe  
  26  2:55  Probe  
  26  2:58  Stargate  
  27  3:22  Pylon, Probe  
  27  3:26  Probe  
  28  3:30  Probe  
  28  3:34  Probe  
  29  3:40  Probe  
  31  3:43  Probe  
  33  3:48  Fleet Beacon  
  33  3:54  Stargate  
  34  3:55  Probe  
  34  3:56  Probe  
  35  4:07  Probe  
  35  4:08  Probe  
  37  4:12  Pylon  
  37  4:18  Pylon  
  37  4:19  Probe  
  37  4:20  Probe  
  39  4:29  Probe  
  39  4:37  Carrier, Probe  
  46  4:39  Nexus  
  47  4:47  Probe  
  47  4:52  Carrier  
  54  5:14  Cybernetics Core  
  54  5:16  Protoss Air Weapons Level 1  
  54  5:20  Forge  
  54  5:34  Pylon x2  
  54  5:41  Carrier, Pylon  
  60  5:54  Pylon  
  60  5:56  Carrier  
  66  6:10  Protoss Air Armor Level 1, Photon Cannon  
  66  6:12  Photon Cannon  
  66  6:15  Photon Cannon  
  66  6:18  Photon Cannon  
  66  6:21  Probe  
  67  6:29  Probe  
  67  6:31  Assimilator  
  67  6:35  Probe  
  67  6:37  Assimilator  
  67  6:39  Probe  
  69  6:40  Probe  
  69  6:41  Pylon  
  69  6:43  Probe  
  69  6:44  Pylon  
  72  6:48  Probe  
  72  6:51  Probe  
  72  6:53  Probe  
  74  6:55  Carrier  
  74  6:58  Probe  
  82  7:03  Probe, Stargate  
  82  7:06  Carrier  
  89  7:08  Protoss Shields Level 1  
  89  7:19  Probe  
  90  7:27  Probe x2  
  90  7:29  Protoss Air Weapons Level 2  
  90  7:30  Probe  
  90  7:35  Probe  
  90  7:37  Probe  
  93  7:38  Probe  
  96  7:45  Probe  
  96  7:48  Probe  
  98  7:56  Carrier  
  104  7:59  Carrier  
  104  8:04  Nexus  
  110  8:10  Carrier  
  116  8:21  Probe  
  117  8:27  Protoss Air Armor Level 2  
  117  8:29  Photon Cannon  
  117  8:33  Photon Cannon  
  117  8:35  Photon Cannon  
  117  8:38  Photon Cannon  
  117  8:50  Assimilator  
  117  8:54  Assimilator  
  117  8:58  Pylon  
  117  8:59  Pylon  
  117  9:01  Pylon  
  117  9:07  Carrier  
  117  9:08  Carrier  
  129  9:16  Carrier  
  135  9:25  Probe  
  136  9:33  Probe  
  137  9:43  Probe  
  137  9:44  Shield Battery  
  137  9:47  Shield Battery  
  137  9:51  Shield Battery  
  138  9:54  Shield Battery  
  138  9:55  Photon Cannon  
  138  9:57  Photon Cannon  
  138  9:59  Photon Cannon  
  138  10:02  Photon Cannon  
  138  10:04  Photon Cannon  
  138  10:07  Photon Cannon  
  138  10:12  Carrier x2  
  150  10:20  Carrier  
  156  11:27  Pylon  
  156  11:31  Pylon  
  156  11:33  Pylon  
  156  12:04  Protoss Air Weapons Level 3  
  156  12:05  Protoss Air Armor Level 3  
  156  12:31  Carrier  
  156  12:32  Carrier  
  168  13:15  Carrier  
Tags
 
Add a new tag
Caveats
  • Supply blocks, unpowered buildings, or Contaminate may cause inaccurate times.
  • Supply counts are checked every 10 seconds.